 Dungeon Crawl Stone Soup version 0.29-a0-283-ga02f740833 (webtiles) character file.

Game seed: 38636414927859080

65 PaleWalker the Thaumaturge (level 4, -1/38 HPs)
             Began as a Gnoll Wanderer on Mar 13, 2022.
             Was a Believer of Makhleb.
             Slain by sammy202020's ghost (9 damage)
             ... on level 3 of the Dungeon.
             The game lasted 00:05:46 (2367 turns).

PaleWalker the Thaumaturge (Gnoll Wanderer)         Turns: 2367, Time: 00:05:47

Health: -1/38      AC:  4    Str: 13    XL:     4   Next: 13%
Magic:  15/15      EV: 15    Int: 12    God:    Makhleb [**....]
Gold:   80         SH:  0    Dex: 17    Spells: 20/21 levels left

rFire   . . .      SeeInvis .   a - +3 dagger
rCold   . . .      Faith    +   (no shield)
rNeg    . . .      Spirit   .   d - +0 leather armour
rPois   .          Reflect  .   (no helmet)
rElec   .          Harm     .   p - +0 cloak
rCorr   .          Rampage  .   (no gloves)
Will    +....                   (no boots)
Stlth   ++++......              l - amulet of faith
HPRegen 0.12/turn               f - +4 ring of evasion
MPRegen 0.14/turn               n - +6 ring of dexterity

@: flying
A: fangs 1, strong nose, distributed training, strong-willed 1, sense
surroundings 1
a: Renounce Religion, Minor Destruction


You were on level 3 of the Dungeon.
You worshipped Makhleb.
Makhleb was pleased with you.
You visited 1 branch of the dungeon, and saw 3 of its levels.

You collected 80 gold pieces.

Inventory:

Hand Weapons
 a - a +3 dagger (weapon)
Missiles
 o - 4 curare-tipped darts (quivered)
Armour
 d - a +0 leather armour (worn)
 p - a +0 cloak (worn)
Jewellery
 f - a +4 ring of evasion (left hand)
 l - an amulet of faith (around neck)
 n - a +6 ring of dexterity (right hand)
Scrolls
 e - 3 scrolls of teleportation {unknown}
 m - 2 scrolls of identify {unknown}
 q - 2 scrolls of noise {unknown}
 r - a scroll of magic mapping {unknown}
 s - a scroll of immolation {unknown}
 t - 2 scrolls of enchant armour {unknown}
 u - a scroll of torment {unknown}
Potions
 c - a potion of attraction
 h - a potion of brilliance {unknown}
 i - a potion of flight
 j - a potion of resistance {unknown}
 k - a potion of curing {unknown}
 v - a potion of haste {unknown}


   Skills:
 + Level 4.6 Fighting
 + Level 1.0 Short Blades
 + Level 1.0 Long Blades
 + Level 1.0 Axes
 + Level 1.0 Maces & Flails
 + Level 1.0 Polearms
 + Level 1.0 Staves
 + Level 1.0 Slings
 + Level 1.0 Bows
 + Level 1.0 Crossbows
 + Level 1.0 Throwing
 + Level 1.0 Armour
 + Level 1.0 Dodging
 + Level 7.8 Stealth
 + Level 1.0 Shields
 + Level 1.0 Unarmed Combat
 + Level 9.3 Spellcasting
 + Level 0.8 Conjurations
 + Level 0.8 Hexes
 + Level 0.8 Summonings
 + Level 0.8 Necromancy
 + Level 0.8 Translocations
 + Level 0.8 Transmutations
 + Level 0.8 Fire Magic
 + Level 0.8 Ice Magic
 + Level 0.8 Air Magic
 + Level 0.8 Earth Magic
 + Level 0.8 Poison Magic
 + Level 1.1 Invocations
 + Level 1.0 Evocations


You had 20 spell levels left.
You knew the following spells:

 Your Spells              Type           Power      Damage    Failure   Level
a - Sting                 Tmut/Pois      28%        1d4       12%         1

Your spell library contained the following spells:

 Spells                   Type           Power      Damage    Failure   Level
 Spider Form              Tmut/Pois      7%         N/A       34%         3


Dungeon Overview and Level Annotations

Branches:
Dungeon (3/15)

Altars:
Makhleb

Shops:
D:3 :(

Annotations:
D:3 sammy202020's ghost, amateur PaFi


Innate Abilities, Weirdness & Mutations

You have very sharp teeth.
Your uncanny sense of smell can sniff out nearby items.
Your experience applies equally to all skills.
You are strong-willed. (Will+)
You passively map a small area around you.


Message History

Sammy202020's ghost is heavily damaged.
Sammy202020's ghost hits you!
* * * LOW HITPOINT WARNING * * *
You hit sammy202020's ghost but do no damage.
Sammy202020's ghost is heavily damaged.
Sammy202020's ghost barely misses you.
You feel much better. Sammy202020's ghost hits you.
You hit sammy202020's ghost.
Sammy202020's ghost is heavily damaged.
Sammy202020's ghost hits you but does no damage.
You hit sammy202020's ghost but do no damage.
You bite sammy202020's ghost, but do no damage.
Sammy202020's ghost is heavily damaged.
Sammy202020's ghost misses you.
You barely miss sammy202020's ghost.
Sammy202020's ghost is heavily damaged.
Sammy202020's ghost hits you!
You closely miss sammy202020's ghost.
Sammy202020's ghost is heavily damaged.
Sammy202020's ghost barely misses you.
You hit sammy202020's ghost but do no damage.
Your bite misses sammy202020's ghost.
Sammy202020's ghost is heavily damaged.
Sammy202020's ghost hits you!
You hit sammy202020's ghost but do no damage.
You bite sammy202020's ghost, but do no damage.
Sammy202020's ghost is heavily damaged.
Sammy202020's ghost barely misses you.
You hit sammy202020's ghost but do no damage.
Sammy202020's ghost is heavily damaged.
Sammy202020's ghost hits you.
It was a potion of flight.
You feel very buoyant.
You fly up into the air.
Sammy202020's ghost hits you.
* * * LOW HITPOINT WARNING * * *
It was a potion of mutation.
You feel extremely strange.
You feel a strange attunement to the structure of the dungeons.
You feel strong-willed. Sammy202020's ghost hits you!
You die...

,
+...................
#...................
#..............#....
,
#..............+....
#...###.###....#....
* #...#...#
#....#.... *
##'##.### #....#....
, #.≈.#. ######....
, #.≈@# ###.. , ,,
#.≈W# #.. ,,#.≈.#
#.. #.$(# ##. ,
##### * #. * ## , ,
+ , *


You could see sammy202020's ghost.

Vanquished Creatures
  Robin (D:2)
  An adder (D:2)
  A bat (D:3)
  3 endoplasms
  5 giant cockroaches (D:1)
  13 goblins
  6 hobgoblins
  2 kobolds (D:2)
  A quokka (D:1)
  A ball python (D:1)
  A frilled lizard (D:2)
35 creatures vanquished.

Notes
Turn   | Place    | Note
-------+----------+-------------------------------------------
     0 | D:1      | Reached skill level 9 in Spellcasting
     0 | D:1      | PaleWalker the Gnoll Wanderer began the quest for the Orb.
     0 | D:1      | PaleWalker set off with the following items: a +3 dagger, a
                  | potion of heal wounds, a potion of attraction, a +0 leather
                  | armour; and the following spell memorised: Sting; and the
                  | following spells available to memorise: Spider Form
     0 | D:1      | Reached XP level 1. HP: 20/20 MP: 10/10
   225 | D:1      | Found a faded altar of an unknown god.
   234 | D:1      | Prayed at the altar of an unknown god.
   234 | D:1      | Became a worshipper of Makhleb the Destroyer
   234 | D:1      | Reached * piety under Makhleb
   246 | D:1      | Reached XP level 2. HP: 19/26 MP: 12/12
  1082 | D:2      | Reached XP level 3. HP: 28/31 MP: 10/13
  1462 | D:2      | Noticed Robin
  1469 | D:2      | Reached skill level 1 in Invocations
  1471 | D:2      | Reached ** piety under Makhleb
  1902 | D:2      | Killed Robin
  1903 | D:2      | Reached skill level 1 in Short Blades
  1903 | D:2      | Reached skill level 1 in Long Blades
  1903 | D:2      | Reached skill level 1 in Axes
  1903 | D:2      | Reached skill level 1 in Maces & Flails
  1903 | D:2      | Reached skill level 1 in Polearms
  1903 | D:2      | Reached skill level 1 in Staves
  1903 | D:2      | Reached skill level 1 in Slings
  1903 | D:2      | Reached skill level 1 in Bows
  1903 | D:2      | Reached skill level 1 in Crossbows
  1903 | D:2      | Reached skill level 1 in Throwing
  1903 | D:2      | Reached skill level 1 in Armour
  1903 | D:2      | Reached skill level 1 in Dodging
  1903 | D:2      | Reached skill level 1 in Shields
  1903 | D:2      | Reached skill level 1 in Unarmed Combat
  1903 | D:2      | Reached skill level 1 in Evocations
  1903 | D:2      | Reached XP level 4. HP: 30/38 MP: 9/15
  2270 | D:3      | Found Aliar's Weapon Shop.
  2289 | D:3      | Found Fyj Coeq's Book Boutique.
  2327 | D:3      | Found a runed translucent door.
  2328 | D:3      | Noticed sammy202020's ghost (amateur PaFi)
  2367 | D:3      | Gained mutation: You passively map a small area around you.
                  | [potion of mutation]
  2367 | D:3      | Gained mutation: You are strong-willed. (Will+) [potion of
                  | mutation]
  2367 | D:3      | Slain by sammy202020's ghost

Illustrated notes

Levels and vault maps discovered:
D:1:      lightli_arrival_quake, layout_basic,
          shapermc_ecumenical_altar_notcrosses
D:2:      layout_loops_ring, uniq_robin
D:3:      layout_basic, serial_curves, eino_curves_02, eino_curves_01,
          eino_curves_01, ebering_ghost_reflecting_pool, serial_shops, shop,
          shop_fountains

Skill      XL: |  1  2  3 |
---------------+----------+-----
Spellcasting   | |  9.3
Invocations    | 1 |  1.1
Short Blades   | 1 |  1.0
Long Blades    | 1 |  1.0
Axes           | 1 |  1.0
Maces & Flails | 1 |  1.0
Polearms       | 1 |  1.0
Staves         | 1 |  1.0
Slings         | 1 |  1.0
Bows           | 1 |  1.0
Crossbows      | 1 |  1.0
Throwing       | 1 |  1.0
Armour         | 1 |  1.0
Dodging        | 1 |  1.0
Shields        | 1 |  1.0
Unarmed Combat | 1 |  1.0
Evocations     | 1 |  1.0
Fighting       | |  4.6
Stealth        | |  7.8
Conjurations   | |  0.8
Hexes          | |  0.8
Summonings     | |  0.8
Necromancy     | |  0.8
Translocations | |  0.8
Transmutations | |  0.8
Fire Magic     | |  0.8
Ice Magic      | |  0.8
Air Magic      | |  0.8
Earth Magic    | |  0.8
Poison Magic   | |  0.8

Action                   |  1- 3 |  4- 6 || total
-------------------------+-------+-------++-------
Melee: Dagger            |    71 |    35 ||   106
       Bite              |     7 |     6 ||    13
       Punch             |       |     1 ||     1
Throw: Dart              |       |     1 ||     1
 Cast: Sting             |    30 |     3 ||    33
  Use: Potion            |       |     4 ||     4
 Stab: Sleeping          |     4 |       ||     4
Armor: Leather armour    |    16 |     2 ||    18
Dodge: Dodged            |    41 |    26 ||    67

Table legend: (Time is in decaauts)
 A = Elapsed time spent in this place.
 B = Non-inter-level travel time spent in this place.
 C = Inter-level travel time spent in this place.
 D = Time resting spent in this place.
 E = Time spent auto-exploring this place.
 F = Levels seen in this place.
 G = Mean time per level.
                   A        B        C        D        E       F      G
               +--------+--------+--------+--------+--------+-----+--------+
         Total |   2362 |   2269 |     93 |    209 |   1660 |   3 |  787.3 |
       Dungeon |   2362 |   2269 |     93 |    209 |   1660 |   3 |  787.3 |
               +--------+--------+--------+--------+--------+-----+--------+

Top non-repeatable levels by time:
     D:1: 1134 daAuts
     D:2: 959 daAuts
     D:3: 268 daAuts
